 Dungeon Crawl Stone Soup version 0.18-a0-1323-g706dcef (webtiles) character file.

67 inmateoo the Chiller (level 3, -2/26 HPs)
             Began as a Demigod Ice Elementalist on Feb 15, 2016.
             Slain by a gnoll
             ... wielding a +0 flail of protection
              (7 damage)
             ... on level 2 of the Dungeon.
             The game lasted 00:03:08 (1438 turns).

inmateoo the Chiller (Demigod Ice Elementalist)     Turns: 1438, Time: 00:03:08

Health: -2/26      AC:  4    Str: 11    XL:     3   Next: 70%
Magic:  9/9        EV: 13    Int: 21    God:
Gold:   43         SH:  0    Dex: 16    Spells: 2 memorised, 3 levels left

rFire  . . .     SeeInvis .     g - +1 whip (venom)
rCold  + . .     Gourm    .     h - +2 robe {rC+}
rNeg   . . .     Faith    .     (no shield)
rPois  .         Spirit   .     (no helmet)
rElec  .         Dismiss  .     (no cloak)
rCorr  .         Reflect  .     (no gloves)
SustAt +         Harm     .     (no boots)
MR     +....                    (no amulet)
Stlth  ++........               (no ring)
                                f - ring of protection from magic

@: somewhat resistant to hostile enchantments, unstealthy
A: high mp 1, sustain attributes
a: no special abilities


You were on level 2 of the Dungeon.
You were hungry.

You visited 1 branch of the dungeon, and saw 2 of its levels.

You collected 43 gold pieces.

Inventory:

Hand Weapons
 g - a +1 whip of venom (weapon)
Armour
 h - a +2 robe of cold resistance (worn)
Jewellery
 f - a ring of protection from magic (left hand)
Scrolls
 a - a scroll of identify {unknown}
 e - a scroll of enchant armour {unknown}
 i - 3 scrolls of remove curse {unknown}
Potions
 d - a potion of curing {unknown}
 j - a potion of agility {unknown}
 k - a potion of might {unknown}
Books
 b - a book of Frost

   Spells                             Type                      Level
   a - Freeze                         Ice                          1
   b - Throw Frost                    Conjuration/Ice              2
   c - Ozocubu's Armour               Charms/Ice                   3
   d - Throw Icicle                   Conjuration/Ice              4
   e - Summon Ice Beast               Ice/Summoning                4
Comestibles
 c - a bread ration


   Skills:
 + Level 2.4 Dodging
 + Level 2.2 Stealth
 + Level 2.3 Spellcasting
 - Level 0.8 Conjurations
 * Level 3.4 Ice Magic


You had 3 spell levels left.
You knew the following spells:

 Your Spells              Type           Power        Failure   Level  Hunger
a - Freeze                Ice            ###.         3%          1    #......
b - Throw Frost           Conj/Ice       ##....       12%         2    ##.....


Dungeon Overview and Level Annotations

Branches:
Dungeon (2/15)


Innate Abilities, Weirdness & Mutations

You have an increased reservoir of magic (+10% MP).
Your attributes are resistant to harm.


Message History

Press: ? - help, Shift-Dir - straight line, f/p - gnoll
Aim: a gnoll, wielding a whip (severely wounded)
You freeze the gnoll.
You kill the gnoll!
The gnoll hits you from afar with a spear!
A kobold comes into view.
Casting: Freeze
Confirm with . or Enter, or press ? or * to list all spells.
Aiming: Freeze
Press: ? - help, Shift-Dir - straight line, f - gnoll
Aim: a gnoll, wielding a flail of protection You freeze the gnoll.
The gnoll is moderately wounded.
The kobold shouts!
The gnoll hits you with a flail of protection!
* * * LOW HITPOINT WARNING * * *
The gnoll hits you from afar with a spear.
* * * LOW HITPOINT WARNING * * *
The gnoll hits you with a flail of protection!
You die...

...# ##...## ##.#
######.....##########
...######...................#
##.................#######..#
#..#####.#####...## #..# #..#
#.# ##.## #(.# #..# ..# #.#
#..# #..# #### #.# #..# #...
.#######@#########..# ##.#
........g...........# #.#
######..#...######..# #.#
##..#.#..# #..#
####g.#...#..# #..#
#....#.._..#..# #..#
#...#.......#... ...# #
#..###########.###..#
#.##.......≈......# #..#


You could see 2 gnolls.

Vanquished Creatures
  An adder (D:2)
  2 gnolls
  A giant gecko (D:1)
  5 bats
  5 giant cockroaches
  3 goblins
  5 hobgoblins
  A ball python (D:1)
  A giant newt (D:1)
  8 kobolds
  5 rats
37 creatures vanquished.

Notes
Turn   | Place    | Note
--------------------------------------------------------------
     0 | D:1      | inmateoo the Demigod Ice Elementalist began the quest for the Orb.
     0 | D:1      | Reached XP level 1. HP: 14/14 MP: 5/5
   208 | D:1      | Reached XP level 2. HP: 17/20 MP: 2/7
   285 | D:1      | Reached skill level 3 in Ice Magic
   952 | D:1      | Learned a level 2 spell: Throw Frost
   984 | D:2      | Reached XP level 3. HP: 26/26 MP: 3/8
  1333 | D:2      | Found an oddly glowing altar of Pakellas.
  1438 | D:2      | Slain by a gnoll

Vault maps used:
D:1:      dpeg_arrival_line_fractal
D:2:      grunt_pakellas_sulfur

Action                   || total
-------------------------++-------
Melee: Unarmed           ||     5
       Whip              ||    40
 Cast: Freeze            ||    39
       Throw Frost       ||     1
 Stab: Sleeping          ||     2
  Eat: Chunk             ||     1
